 Dungeon Crawl Stone Soup version 0.31-a0-981-geadf994542 (webtiles) character file.

Game seed: 13400395054281176098

93 hikkokomori the Chiller (level 4, 0/35 HPs)
             Began as a Demigod Ice Elementalist on Oct 31, 2023.
             Slain by an orc
             ... wielding a +0 hand axe
              (6 damage)
             ... on level 3 of the Dungeon.
             The game lasted 00:02:00 (2118 turns).

hikkokomori the Chiller (Demigod Ice Elementalist)  Turns: 2118, Time: 00:02:00

Health: 0/35       AC:  2    Str:  9    XL:     4   Next: 14%
Magic:  9/10       EV: 12    Int: 21    God:
Gold:   100        SH:  0    Dex: 14    Spells: 6/7 levels left

rFire   . . .        g - +1 dagger (venom)
rCold   . . .        (no shield)
rNeg    . . .        a - +0 robe
rPois   .            (no helmet)
rElec   .            (no cloak)
rCorr   .            (no gloves)
SInv    .            (no boots)
Will    +....        (no amulet)
Stlth   ++           (no ring)
HPRegen 0.25/turn    (no ring)
MPRegen 0.12/turn

%: no passive effects
@: attractive, enlightened
A: high MP 1, forlorn, divine attributes
a: no special abilities


You were on level 3 of the Dungeon.
You visited 1 branch of the dungeon, and saw 3 of its levels.

You collected 100 gold pieces.

Inventory:

Hand Weapons
 g - a +1 dagger of venom (weapon)
Armour
 a - a +0 robe (worn)
Magical Staves
 j - a staff of death
Wands
 r - a wand of flame (20)
Scrolls
 d - a scroll of revelation {unknown}
 e - a scroll of vulnerability {unknown}
 h - a scroll of torment {unknown}
 k - a scroll of teleportation {unknown}
 l - a scroll of identify {unknown}
 m - a scroll of poison {unknown}
 o - a scroll of blinking {unknown}
Potions
 b - a potion of magic
 c - a potion of enlightenment
 f - a potion of cancellation {unknown}
 i - a potion of attraction
 n - a potion of haste {unknown}
 p - a potion of ambrosia {unknown}
 q - a potion of mutation {unknown}


   Skills:
 + Level 1.5 Fighting
 - Level 1.7 Dodging
 + Level 2.7 Stealth
 + Level 2.4 Spellcasting
 + Level 4.1 Ice Magic


You had 6 spell levels left.
You knew the following spells:

 Your Spells              Type           Power      Damage    Failure   Level
a - Freeze                Ice            76%        1d8       2%          1

Your spell library contained the following spells:

 Spells                   Type           Power      Damage    Failure   Level
 Frozen Ramparts          Ice            38%        1d6       8%          3
 Ozocubu's Armour         Ice            19%        N/A       8%          3
 Magic Dart               Conj           8%         1d3       14%         1
 Searing Ray              Conj           4%         2d4       22%         2
 Summon Ice Beast         Ice/Summ       11%        N/A       52%         4
 Fulminant Prism          Conj/Hex       1%         3d5       80%         4


Dungeon Overview and Level Annotations

Branches:
Dungeon (3/15)


Innate Abilities, Weirdness & Mutations

You have an increased reservoir of magic. (+10% MP)
You shall have no god before yourself.
Your divine heritage dramatically boosts your attributes as you level up.


Message History

You hit the orc.
The orc is poisoned.
The orc is lightly wounded.
You are starting to lose your buoyancy.
You feel sick. The orc misses you.
Unknown command.
You hit the orc.
The orc is moderately wounded.
You feel sick. The orc hits you with a +0 flail!
* * * LOW HITPOINT WARNING * * *
Unknown command.
You hit the orc but do no damage.
The orc looks even sicker.
The orc is severely wounded.
You feel sick.
You are no longer poisoned.
The orc closely misses you.
Unknown command.
You hit the orc.
You kill the orc!
The orc is attracted toward you.
Casting: Freeze (safe; 2% risk of failure)
Confirm with . or Enter, or press ? or * to list all spells.
Aiming: Freeze (safe; 2% risk of failure)
Press: ? - help, Shift-Dir - straight line, f - orc
Aim: an orc, wielding a +0 club You freeze the orc.
The orc is heavily wounded.
The orc hits you with a +0 club.
* * * LOW HITPOINT WARNING * * *
You hit the orc.
The orc is poisoned.
The orc is severely wounded.
The orc completely misses you.
You float gracefully downwards.
The orc attacks as it pursues you! The orc hits you but does no damage.
The orc is attracted toward you.
You hit the orc.
You kill the orc!
You closely miss the orc. The orc misses you.
You hit the orc.
The orc is poisoned.
The orc is severely wounded.
The orc hits you with a +0 hand axe.
You die...

#..# #..# #.#.#
.... ...# #.#. ..#
###[.. .... ...
.....# #..# #)#
#.#..# #..# #)#
#.#..# #..# #o#
#.#..# #..#
#@###.#..####..###
#.##..............
#...<..........###
####....######.#
#.......# #.###
#.#####.# #..<.
#.# #.# ##### #.#
#.# #.# #.#


You could see an orc (very poisoned).

Vanquished Creatures
  An orc wizard (D:3)
  3 adders
  3 dart slugs
  3 orcs (D:3)
  2 ball pythons
  3 endoplasms
  A giant cockroach (D:1)
  A goblin (D:1)
  6 hobgoblins
  A quokka (D:2)
  2 bats (D:2)
  A frilled lizard (D:2)
  3 kobolds
  4 rats
34 creatures vanquished.

Notes
Turn   | Place    | Note
-------+----------+-------------------------------------------
     0 | D:1      | hikkokomori the Demigod Ice Elementalist began the quest
                  | for the Orb.
     0 | D:1      | Reached XP level 1. HP: 14/14 MP: 5/5
   330 | D:1      | Reached XP level 2. HP: 11/22 MP: 1/7
  1232 | D:2      | Reached skill level 1 in Fighting
  1348 | D:2      | Reached XP level 3. HP: 27/28 MP: 8/8
  1534 | D:2      | Reached skill level 4 in Ice Magic
  2109 | D:3      | Reached XP level 4. HP: 15/35 MP: 10/10
  2118 | D:3      | Slain by an orc

Illustrated notes

Levels and vault maps discovered:
D:1:      minmay_arrival_four_houses, layout_basic,
          shapermc_ecumenical_altar_starsandcircs, serial_bayou_crossing
D:2:      layout_loops_ring
D:3:      layout_loops_ring, uniq_jessica, uniq_sigmund

Skill      XL: |  1  2  3 |
---------------+----------+-----
Stealth        | 2 |  2.7
Spellcasting   | 2 |  2.4
Fighting       | 1 |  1.5
Ice Magic      | 4 |  4.1
Dodging        | |  1.7

Action                     |  1- 3 |  4- 6 || total
---------------------------+-------+-------++-------
  Melee: Unarmed           |     8 |       ||     8
         Dagger            |    79 |     8 ||    87
         Punch             |     1 |       ||     1
   Cast: Freeze            |    10 |     1 ||    11
    Use: Potion            |     2 |       ||     2
   Stab: Sleeping          |     7 |       ||     7
 Armour: Robe              |    51 |     4 ||    55
  Dodge: Dodged            |    51 |     4 ||    55

Table legend: (Time is in decaauts)
 A = Elapsed time spent in this place.
 B = Non-inter-level travel time spent in this place.
 C = Inter-level travel time spent in this place.
 D = Time resting spent in this place.
 E = Time spent auto-exploring this place.
 F = Levels seen in this place.
 G = Mean time per level.
                   A        B        C        D        E       F      G
               +--------+--------+--------+--------+--------+-----+--------+
         Total |   2127 |   2078 |     49 |      0 |   1820 |   3 |  709.0 |
       Dungeon |   2127 |   2078 |     49 |      0 |   1820 |   3 |  709.0 |
               +--------+--------+--------+--------+--------+-----+--------+

Top non-repeatable levels by time:
     D:1: 1101 daAuts
     D:2: 850 daAuts
     D:3: 175 daAuts
